 Dungeon Crawl Stone Soup version 0.29.1-12-g30fa7ad0bf (webtiles) character file.

Game seed: 3362592384788995447

78593 LustLizard the Brawler (level 15, -9/154 HPs)
             Began as a Troll Fighter on Dec 17, 2022.
             Was a High Priest of Wu Jian.
             Mangled by a two-headed ogre
             ... wielding a +0 giant club
              (16 damage)
             ... on level 2 of the Orcish Mines.
             The game lasted 00:52:32 (18618 turns).

LustLizard the Brawler (Troll Fighter)             Turns: 18618, Time: 00:52:33

Health: -9/154     AC:  9    Str: 43    XL:     15   Next: 18%
Magic:  0/14       EV: 18    Int: 10    God:    Wu Jian [*****.]
Gold:   1325       SH: 19    Dex:  7    Spells: 12/14 levels left

rFire   + + .      SeeInvis +     - Unarmed
rCold   + . .      Faith    .   U - +0 kite shield "Baofiv" {rF+ rCorr}
rNeg    + + .      Spirit   +   A - +4 troll leather armour {Pargi}
rPois   +          Reflect  .   I - -2 hat of the Alchemist {rElec rPois rF+ rC+ rN+ Will+ rMut rCorr}
rElec   +          Harm     .   Y - +0 cloak
rCorr   +          Rampage  .   (gloves unavailable)
rMut    +                       (boots unavailable)
Will    ++...                   t - brooch of Shielding {Spirit SH+8}
Stlth   +.........              a - ring "Zyaczife" {rPois rN+ Str+6}
HPRegen 1.95/turn               R - ring "Huahuwic" {rCorr Str+9 SInv}
MPRegen 0.14/turn

@: in a heavenly storm, glowing, studying Shields
A: large, unfitting armour, claws 3, regeneration 1, shaggy fur 1, tough skin 1,
clumsy 1
a: Renounce Religion, Wall Jump, Serpent's Lash, Heavenly Storm


You were on level 2 of the Orcish Mines.
You worshipped Wu Jian.
Wu Jian was extremely pleased with you.
You visited 4 branches of the dungeon, and saw 20 of its levels.
You also visited: Ossuary, Gauntlet and Volcano.

You collected 1463 gold pieces.
You spent 138 gold pieces at shops.

Inventory:

Missiles
 k - a throwing net
 q - 13 poisoned darts
 O - 5 datura-tipped darts
Armour
 d - the +4 fire dragon scales of Urynt {Contam rF++ rC- Regen+ rCorr}
   (You took it off a minotaur in a Gauntlet)

   rF:        It greatly protects you from fire.
   rC:        It makes you vulnerable to cold.
   Contam:    It causes magical contamination when unequipped.
   Regen:     It increases your rate of health regeneration.
   rCorr:     It protects you from acid and corrosion.
 A - a +4 troll leather armour (worn) {Pargi}
 I - the -2 hat of the Alchemist (worn) {rElec rPois rF+ rC+ rN+ Will+ rMut rCorr}
   (You found it in a Gauntlet)

   rF:        It protects you from fire.
   rC:        It protects you from cold.
   rElec:     It insulates you from electricity.
   rPois:     It protects you from poison.
   rN:        It protects you from negative energy.
   rCorr:     It protects you from acid and corrosion.
   rMut:      It protects you from mutation.
   Will:      It increases your willpower.
 U - the +0 kite shield "Baofiv" (worn) {rF+ rCorr}
   (You found it on level 7 of the Dungeon)

   rF:        It protects you from fire.
   rCorr:     It protects you from acid and corrosion.
 Y - a +0 cloak (worn)
 Z - a +0 kite shield of reflection
Jewellery
 a - the ring "Zyaczife" (left claw) {rPois rN+ Str+6}
   (You acquired it on level 11 of the Dungeon)

   [ring of strength]

   Str:       It affects your strength (+6).
   rPois:     It protects you from poison.
   rN:        It protects you from negative energy.
 b - a ring of willpower
 m - a +6 ring of intelligence
 t - the brooch of Shielding (around neck) {Spirit SH+8}
   (You found it on level 3 of the Lair of Beasts)

   [amulet of guardian spirit]

   It causes incoming damage to be divided between your reserves of health and
   magic.
   SH:        It affects your SH (+8).
 x - a ring of protection from cold
 B - a ring of magical power
 J - the ring of Ran Wypir {*Corrode Fly rPois rF+}
   (You found it on level 8 of the Dungeon)

   [ring of flight]

   rF:        It protects you from fire.
   rPois:     It protects you from poison.
   Fly:       It grants you flight.
   *Corrode:  It may corrode you when you take damage.
 R - the ring "Huahuwic" (right claw) {rCorr Str+9 SInv}
   (You found it in a Gauntlet)

   [ring of see invisible]

   Str:       It affects your strength (+9).
   SInv:      It lets you see invisible.
   rCorr:     It protects you from acid and corrosion.
Wands
 r - a wand of polymorph (3)
 u - a wand of flame (20)
 C - a wand of charming (15)
 L - a wand of digging (6)
 N - a wand of iceblast (22) (quivered)
 W - a wand of acid (8)
 X - a wand of mindburst (8)
Scrolls
 e - 10 scrolls of identify
 g - 7 scrolls of teleportation
 i - 2 scrolls of blinking
 j - a scroll of torment
 o - 3 scrolls of enchant armour
 p - 3 scrolls of amnesia
 y - 2 scrolls of magic mapping
 E - 3 scrolls of silence
 H - 4 scrolls of immolation
 M - 4 scrolls of butterflies
 S - 9 scrolls of poison
Potions
 c - a potion of might
 f - 5 potions of curing
 l - 4 potions of heal wounds
 n - 2 potions of ambrosia
 s - 3 potions of invisibility
 w - 2 potions of brilliance
 z - 5 potions of lignification
 D - 3 potions of resistance
 G - 3 potions of haste
 K - a potion of attraction
 P - 5 potions of magic
 Q - 4 potions of cancellation
 T - 5 potions of mutation
 V - 2 potions of flight


   Skills:
 + Level 11.5 Fighting
 + Level 9.2 Dodging
 - Level 13.3 Shields
 * Level 18.4 Unarmed Combat
 - Level 3.0 Translocations


You had 12 spell levels left.
You knew the following spells:

 Your Spells              Type           Power      Damage    Failure   Level
a - Blink                 Tloc           12%        N/A       30%         2

Your spell library contained the following spells:

 Spells                   Type           Power      Damage    Failure   Level
 Gell's Gravitas          Tloc           6%         N/A       52%         3
 Lesser Beckoning         Tloc           6%         N/A       52%         3
 Teleport Other           Tloc           6%         N/A       52%         3
 Sandblast                Erth           0%         2d4       56%         1
 Slow                     Hex            0%         N/A       56%         1
 Sting                    Tmut/Pois      0%         1d3       56%         1
 Passwall                 Tmut/Erth      0%         N/A       71%         2
 Poisonous Vapours        Pois/Air       0%         N/A       71%         2
 Static Discharge         Conj/Air       0%         3-3/arc   71%         2
 Portal Projectile        Hex/Tloc       6%         N/A       73%         3
 Confusing Touch          Hex            0%         N/A       90%         3
 Frozen Ramparts          Ice            0%         1d1       90%         3
 Ozocubu's Armour         Ice            0%         N/A       90%         3
 Stone Arrow              Conj/Erth      0%         3d7       90%         3
 Tukima's Dance           Hex            0%         N/A       90%         3
 Vampiric Draining        Necr           0%         2d6       90%         3
 Iskenderun's Mystic Bla  Conj/Tloc      3%         2d3       98%         4
 Manifold Assault         Tloc           6%         N/A       99%         5
 Corpse Rot               Necr/Pois/Air  0%         N/A       100%        4
 Dispel Undead            Necr           0%         3d6       100%        4
 Hailstorm                Conj/Ice       0%         3d3       100%        4
 Ice Form                 Ice/Tmut       0%         N/A       100%        4
 Summon Ice Beast         Ice/Summ       0%         N/A       100%        4
 Blade Hands              Tmut           0%         N/A       100%        5
 Freezing Cloud           Conj/Ice/Air   0%         6-21      100%        5
 Summon Forest            Summ/Tloc      1%         N/A       100%        5
 Death Channel            Necr           0%         N/A       100%        6
 Dispersal                Tloc           3%         N/A       100%        6
 Simulacrum               Ice/Necr       0%         N/A       100%        6
 Malign Gateway           Summ/Tloc      1%         N/A       100%        7
 Ozocubu's Refrigeration  Ice            0%         4d7       100%        7
 Disjunction              Tloc           3%         N/A       100%        8
 Summon Horrible Things   Summ           0%         N/A       100%        8
 Polar Vortex             Ice            0%         N/A       100%        9


Dungeon Overview and Level Annotations

Branches:
Dungeon (12/15)            Temple (1/1) D:6            Lair (5/5) D:10
 Shoals (0/4) Lair:3        Snake (0/4) Lair:2        Slime (0/5) Lair:5
    Orc (2/2) D:10            Elf (0/3) Orc:2       Ossuary (visited)
Volcano (visited)         Gauntlet (visited)

Altars:
Ashenzari
Cheibriados
Dithmenos
Elyvilon
Fedhas
Gozag
Kikubaaqudgha
Makhleb
Nemelex Xobeh
Okawaru
Qazlal
Ru
Sif Muna
Vehumet
Wu Jian
Xom
Yredelemnul
Zin
The Shining One

Shops:
D:1 *   D:11 *

Annotations:
D:12 2 transporters, kingsuperguy's ghost, journeyman HOMo


Innate Abilities, Weirdness & Mutations

You are too large for most types of armour.
You have claws for hands.
Your natural rate of healing is unusually fast.
You are covered in fur. (AC +1)
You have tough skin. (AC +1)
You are clumsy. (Dex -2)


Message History

The Council accepts your kill. The orc warrior misses you.
The orc wizard closely misses you. You block the orc warrior's attack.
The orc wizard casts a spell at you. The magic dart hits you.
The ogre mage mumbles some strange words.
The ogre mage flickers and vanishes for a moment.
An ogre mage and 2 ogres come into view.
You spin and attack the orc wizard repeatedly.
You mangle the orc wizard!!
You kill the orc wizard!
The Council accepts your kill.
You spin and attack the orc warrior.
You eviscerate the orc warrior!!!
You kill the orc warrior!
The Council accepts your kill.
You hear a howl!
The orc closely misses you.
The orc warrior hits you from afar with a +4 glaive!!
* * * LOW HITPOINT WARNING * * *
The ogre moves out of view.
The ogre mage moves out of view.
The ogre moves out of view.
Items here: ))) ††.
You eviscerate the orc wizard!!!
You kill the orc wizard!
The Council accepts your kill.
You hear a howl!
The orc warrior hits you from afar with a +4 glaive!!
* * * LOW HITPOINT WARNING * * *
You block the orc's attack. The orc attacks as you move away!
You block the orc's attack. The orc attacks as you move away!
You block the orc's attack.
You hear a shout! x2
You mangle the warg!!
The warg is almost dead.
The warg barely misses you. You block the orc's attack. The orc misses you.
An orc wizard comes into view. It is wielding a +0 dagger.
The two-headed ogre hits you with a +0 giant club!
* * * LOW HITPOINT WARNING * * *
The two-headed ogre hits you with a +0 giant spiked club!
You die...

...................
...O.o.O...........
###..#Ooo............
##.....#.Oo.....#.#...
...OO§O.O............
##.##☼☼o§.............
##..#§OoO☼.............
#..§§hOoO#.............
##..§§§@o§☼.............
#....☼§§O☼☼.#...........
##...§§§§☼#......#.....)
#<.....#.#....#.#.......
##..#.#####.######.#..#.
###### ### #######


You could see a two-headed ogre, an ogre mage, a warg, 3 ogres, an orc wizard
(strong) and 2 orcs.

Vanquished Creatures
  Gastronok (Lair:1)
  An orc warlord (Orc:2)
  2 minotaurs
  Erolcha (Orc:1)
  8 hydras
  A boulder beetle (D:10)
  A ghost crab (Gauntlet)
  A centaur warrior (D:12)
  11 two-headed ogres
  9 death yaks
  2 tengu warriors
  A hell hog (Volcano)
  A fire crab (Volcano)
  2 sixfirhies (Gauntlet)
  Amaemon (Lair:2)
  A skeletal warrior (D:12)
  Pikel (D:4)
  2 orc knights (Orc:1)
  An orc sorcerer (Orc:2)
  3 cyclopes
  An ugly thing (D:12)
  5 elephants
  5 black mambas
  Joseph (D:10)
  14 cane toads
  A gargoyle (D:11)
  2 molten gargoyles (Lair:3)
  3 rime drakes
  An orange demon (Lair:2)
  Psyche (D:9)
  3 komodo dragons
  A tengu conjurer (Gauntlet)
  9 trolls
  10 polar bears
  6 hornets
  Grinder (D:4)
  9 dream sheep
  11 blink frogs
  5 wraiths
  14 spriggans (Lair:5)
  5 wyverns
  A vampire (D:9)
  41 yaks
  10 steam dragons
  4 basilisks
  A warg (D:10)
  Grum (Lair:1)
  2 acid dragons (D:9)
  2 nagas (Lair:2)
  3 hell hounds (Volcano)
  27 water moccasins
  15 orc warriors
  4 sky beasts
  4 black bears
  Pargi (D:4)
  A swamp drake (Lair:1)
  5 ice beasts
  14 ogres
  23 wolves
  3 boggarts (Lair:5)
  A phantom (D:6)
  9 centaurs
  A kobold brigand (D:6)
  An elf zombie (Ossuary)
  12 bullfrogs
  A necrophage (D:4)
  4 gnoll sergeants
  2 scorpions
  8 wights
  9 killer bees
  3 electric eels
  3 hounds
  2 centaur zombies (Ossuary)
  A jelly (D:6)
  5 lava snakes (Lair:3)
  2 gnoll boudas
  3 human zombies (Ossuary)
  18 orc priests
  5 hell rats (Lair:3)
  7 iguanas
  20 orc wizards
  2 hound zombies (Ossuary)
  3 mummies (Ossuary)
  18 gnolls
  22 adders
  8 white imps
  8 ufetubi
  5 adder zombies (Ossuary)
  3 worms
  A dart slug (D:5)
  58 orcs
  8 endoplasms
  3 giant cockroaches
  11 goblins
  3 hobgoblins
  3 jackals (D:1)
  9 kobolds
  3 quokkas
  4 ball pythons
  2 bats
  A frilled lizard (D:1)
  2 goblin zombies (Ossuary)
  3 hobgoblin zombies (Ossuary)
  3 jackal zombies (Ossuary)
  3 kobold zombies (Ossuary)
  An orc zombie (Ossuary)
  3 quokka zombies (Ossuary)
  3 rats
  8 rat zombies
639 creatures vanquished.

Vanquished Creatures (collateral kills)
  A death knight (D:12)
  A phantasmal warrior (D:12)
  A freezing wraith (D:12)
  4 centaurs (D:8)
7 creatures vanquished.

Vanquished Creatures (others)
  A yak (D:9)
  A centaur (D:8)
  2 orcs
  16 fungi
  44 plants
64 creatures vanquished.

Grand Total: 710 creatures vanquished

Notes
Turn   | Place    | Note
-------+----------+-------------------------------------------
     0 | D:1      | LustLizard the Troll Fighter began the quest for the Orb.
     0 | D:1      | Reached XP level 1. HP: 22/22 MP: 0/0
   269 | D:1      | Reached XP level 2. HP: 29/29 MP: 1/1
   314 | D:1      | Found Zorryet's Assorted Antiques.
   333 | D:1      | Bought a sapphire potion for 18 gold pieces
  1060 | D:2      | Reached XP level 3. HP: 36/36 MP: 2/2
  1505 | D:2      | Reached skill level 3 in Unarmed Combat
  1779 | D:3      | Reached XP level 4. HP: 44/44 MP: 3/3
  2070 | D:3      | Found a shimmering blue altar of Sif Muna.
  2130 | D:3      | Reached XP level 5. HP: 53/53 MP: 4/4
  2293 | D:3      | Found a faded altar of an unknown god.
  2306 | D:3      | Got Plato's Almanac of the Coward
  2376 | D:3      | Reached skill level 4 in Unarmed Combat
  2580 | D:1      | Bought a scroll labelled ORU WUAKUSMIO for 20 gold pieces
  2580 | D:1      | Bought a scroll labelled JUYTHRA MYRUHO for 20 gold pieces
  2580 | D:1      | Bought a scroll labelled LITONO ER TOO for 20 gold pieces
  2628 | D:4      | Noticed a lemure
  2631 | D:4      | Noticed a lemure
  2631 | D:4      | Noticed Pikel
  2738 | D:4      | Noticed Pargi
  2746 | D:4      | Killed Pargi
  2774 | D:4      | Reached XP level 6. HP: 61/61 MP: 5/5
  2854 | D:4      | Noticed a yak
  2854 | D:4      | Noticed a yak
  2854 | D:4      | Noticed a yak
  2855 | D:4      | Noticed a yak
  2866 | D:4      | Noticed a yak
  2869 | D:4      | Killed a yak
  2870 | D:4      | Reached skill level 5 in Unarmed Combat
  2874 | D:4      | Killed a yak
  2875 | D:4      | Reached XP level 7. HP: 64/70 MP: 6/6
  2887 | D:4      | Killed a yak
  2888 | D:4      | Reached skill level 6 in Unarmed Combat
  2892 | D:4      | Killed a yak
  2912 | D:4      | Killed a yak
  2913 | D:4      | Reached skill level 5 in Shields
  2913 | D:4      | Reached XP level 8. HP: 35/79 MP: 7/7
  3138 | D:4      | Noticed Grinder
  3140 | D:4      | Paralysed by Grinder for 4 turns
  3159 | D:4      | Killed Grinder
  3160 | D:4      | Reached skill level 7 in Unarmed Combat
  3305 | D:4      | Killed Pikel
  3306 | D:4      | Reached skill level 5 in Fighting
  3306 | D:4      | Reached skill level 8 in Unarmed Combat
  3903 | D:5      | Entered Level 5 of the Dungeon
  4011 | D:5      | Identified the +10 long sword of the Witching Scavenger
                  | {protect, Will+ Int+3 Stlth+}
  4237 | D:5      | Reached XP level 9. HP: 84/88 MP: 8/8
  4848 | D:1      | Bought a scroll labelled ZUOGHA CUBANIY for 20 gold pieces
  4848 | D:1      | Bought 2 scrolls labelled OKEMUL XACWOEF for 40 gold pieces
  4969 | D:6      | Found an opulent altar of Gozag.
  4998 | D:6      | Found a staircase to the Ecumenical Temple.
  5016 | D:6      | Reached skill level 9 in Unarmed Combat
  5046 | Temple   | Entered the Ecumenical Temple
  5263 | Temple   | Became a worshipper of the Wu Jian Council
  5444 | D:6      | Identified the +9 whip "Tudghefe" {freeze, *Slow rPois
                  | Will+}
  5505 | D:6      | Reached skill level 10 in Unarmed Combat
  5588 | D:6      | Noticed a troll
  5597 | D:6      | Killed a troll
  5770 | D:6      | Found a broken altar of Ashenzari.
  6005 | D:7      | Reached * piety under Wu Jian
  6030 | D:7      | Reached XP level 10. HP: 96/99 MP: 9/9
  6199 | D:7      | Found a sand-covered staircase.
  6206 | Ossuary  | Entered an ossuary
  6294 | Ossuary  | Reached ** piety under Wu Jian
  6532 | D:7      | Identified the +0 kite shield "Baofiv" {rF+ rCorr}
  6690 | D:7      | Identified the +1 leather armour of Hepliaklqana's Fury
                  | {rCorr Int+2 SInv}
  6765 | D:7      | Learned a level 2 spell: Blink
  7105 | D:8      | Reached skill level 11 in Unarmed Combat
  7410 | D:8      | Reached skill level 1 in Translocations
  7546 | D:8      | Identified the ring of Ran Wypir {*Corrode Fly rPois rF+}
  7599 | D:8      | Reached *** piety under Wu Jian
  8201 | D:8      | Reached skill level 12 in Unarmed Combat
  8302 | D:9      | Reached XP level 11. HP: 94/109 MP: 10/10
  8304 | D:9      | Reached skill level 10 in Shields
  8346 | D:9      | Noticed Psyche
  8360 | D:9      | Killed Psyche
  8411 | D:9      | Reached **** piety under Wu Jian
  8440 | D:9      | Noticed a two-headed ogre
  8445 | D:9      | Killed a two-headed ogre
  8487 | D:9      | Found a shimmering altar of Xom.
  8775 | D:9      | Found an iron altar of Okawaru.
  8784 | D:9      | Reached skill level 13 in Unarmed Combat
  9252 | D:10     | Entered Level 10 of the Dungeon
  9444 | D:10     | Found a stormy altar of Qazlal.
  9446 | D:10     | Noticed a boulder beetle
  9460 | D:10     | Killed a boulder beetle
  9558 | D:10     | Reached XP level 12. HP: 115/122 MP: 11/11
  9588 | D:10     | Found a staircase to the Lair.
  9615 | D:10     | Noticed Joseph
  9637 | D:10     | Killed Joseph
  9655 | D:10     | Reached ***** piety under Wu Jian
  9717 | D:10     | Found a staircase to the Orcish Mines.
 10017 | D:10     | Found a white marble altar of Elyvilon.
 10017 | D:10     | Found a blossoming altar of Fedhas.
 10170 | D:11     | Found Tuddorai's Assorted Antiques.
 10179 | D:11     | Identified a scroll of acquirement
 10180 | D:11     | Acquired the ring "Zyaczife" {rPois rN+ Str+6}
 10278 | D:11     | Noticed a tengu warrior
 10286 | D:11     | Killed a tengu warrior
 10287 | D:11     | Reached skill level 5 in Dodging
 10307 | D:11     | Reached skill level 14 in Unarmed Combat
 10875 | D:12     | Found a gate leading to a gauntlet.
 11011 | D:12     | Noticed a death knight
 11042 | D:12     | Killed a death knight
 11074 | Gauntlet | Entered a Gauntlet
 11074 | Gauntlet | Found a transporter.
 11074 | Gauntlet | Found a transporter.
 11084 | Gauntlet | Noticed a tengu warrior
 11091 | Gauntlet | Found a transporter.
 11106 | Gauntlet | Found a transporter.
 11122 | Gauntlet | Found a transporter.
 11135 | Gauntlet | Found a transporter.
 11242 | Gauntlet | Found a transporter.
 11256 | Gauntlet | Found a transporter.
 11260 | Gauntlet | Noticed a ghost crab
 11283 | Gauntlet | Found the -2 hat of the Alchemist {rElec rPois rF+ rC+ rN+
                  | Will+ rMut rCorr}
 11285 | Gauntlet | Found a transporter.
 11292 | Gauntlet | Found a transporter.
 11293 | Gauntlet | Found a transporter.
 11298 | Gauntlet | Noticed an emperor scorpion
 11311 | Gauntlet | Found a transporter.
 11315 | Gauntlet | Found a transporter.
 11407 | Gauntlet | Killed a tengu warrior
 11466 | Gauntlet | Found a transporter.
 11472 | Gauntlet | Noticed an entropy weaver
 11473 | Gauntlet | Noticed a fire giant
 11473 | Gauntlet | an entropy weaver changed into a fire giant
 11477 | Gauntlet | Noticed a fenstrider witch
 11477 | Gauntlet | a fire giant changed into a fenstrider witch
 11499 | Gauntlet | Noticed an azure jelly
 11499 | Gauntlet | Noticed a fenstrider witch
 11499 | Gauntlet | an azure jelly changed into a fenstrider witch
 11501 | Gauntlet | Noticed an alligator snapping turtle
 11501 | Gauntlet | a fenstrider witch changed into an alligator snapping
                  | turtle
 11504 | Gauntlet | Noticed a quicksilver dragon
 11504 | Gauntlet | an alligator snapping turtle changed into a quicksilver
                  | dragon
 11508 | Gauntlet | Noticed a fire giant
 11508 | Gauntlet | a quicksilver dragon changed into a fire giant
 11509 | Gauntlet | Killed a ghost crab
 11510 | Gauntlet | Noticed a frost giant
 11510 | Gauntlet | a fire giant changed into a frost giant
 11564 | Gauntlet | Noticed an alligator snapping turtle
 11571 | Gauntlet | an alligator snapping turtle changed into an iron troll
 11573 | Gauntlet | Noticed a fenstrider witch
 11573 | Gauntlet | an iron troll changed into a fenstrider witch
 11590 | Gauntlet | Noticed a death yak
 11594 | Gauntlet | Found a transporter.
 11600 | Gauntlet | Noticed an azure jelly
 11600 | Gauntlet | a death yak changed into an azure jelly
 11607 | Gauntlet | Noticed a fire giant
 11607 | Gauntlet | an azure jelly changed into a fire giant
 11609 | Gauntlet | Noticed a quicksilver dragon
 11609 | Gauntlet | a fire giant changed into a quicksilver dragon
 11610 | Gauntlet | Noticed a frost giant
 11610 | Gauntlet | a quicksilver dragon changed into a frost giant
 11631 | Gauntlet | Identified the ring "Huahuwic" {rCorr Str+9 SInv}
 11694 | Gauntlet | Found the +4 Cigotuvi's embrace {rMiasma Drain rN+}
 11694 | Gauntlet | Identified the +4 fire dragon scales of Urynt {Contam rF++
                  | rC- Regen+ rCorr}
 11694 | Gauntlet | Noticed a minotaur
 11738 | Gauntlet | Killed a minotaur
 11753 | Gauntlet | Identified the +1 robe of Qazlal's Whim {Int+3}
 11754 | Gauntlet | Got the Anthology of Gravity
 11904 | D:12     | Noticed a centaur warrior
 11913 | D:12     | Killed a centaur warrior
 11915 | D:12     | Reached XP level 13. HP: 43/131 MP: 12/12
 11971 | D:12     | Noticed kingsuperguy's ghost (journeyman HOMo)
 11973 | D:12     | Found a transporter.
 11979 | D:12     | Found a transporter.
 12355 | Lair:1   | Entered Level 1 of the Lair of Beasts
 12375 | Lair:1   | Noticed Grum
 12392 | Lair:1   | Killed Grum
 12431 | Lair:1   | Noticed Gastronok
 12477 | Lair:1   | Killed Gastronok
 12478 | Lair:1   | Reached skill level 15 in Unarmed Combat
 12794 | Lair:1   | Identified the +3 ring mail of Zedih {Int+4 Dex+4}
 13286 | Lair:2   | Found the +7 staff of the Meek {protect, meekguard}
 13434 | Lair:2   | Found a dark tunnel.
 13453 | Volcano  | Entered a volcano
 13714 | Lair:2   | Gained mutation: You are clumsy. (Dex -2) [mutagenic glow]
 13869 | Lair:2   | Reached skill level 10 in Fighting
 13942 | Lair:2   | Found a staircase to the Snake Pit.
 13951 | Lair:2   | Reached skill level 16 in Unarmed Combat
 14045 | Lair:2   | Noticed Amaemon
 14060 | Lair:2   | Killed Amaemon
 14570 | Lair:3   | Identified the +2 scale mail "Estemmaw" {rElec rC- Dex+3
                  | SInv}
 14670 | Lair:3   | Found a staircase to the Shoals.
 14684 | Lair:3   | Found the brooch of Shielding {Spirit SH+8}
 14706 | Lair:3   | Reached XP level 14. HP: 143/144 MP: 13/13
 15927 | Lair:4   | Found a runed translucent door.
 16314 | Lair:5   | Entered Level 5 of the Lair of Beasts
 16353 | Lair:5   | Reached ****** piety under Wu Jian
 16371 | Lair:5   | Reached skill level 17 in Unarmed Combat
 17071 | Lair:5   | Found a staircase to the Slime Pits.
 17760 | Orc:1    | Entered Level 1 of the Orcish Mines
 17994 | Orc:1    | Noticed Erolcha
 18005 | Orc:1    | Killed Erolcha
 18006 | Orc:1    | Reached skill level 18 in Unarmed Combat
 18210 | Orc:2    | Entered Level 2 of the Orcish Mines
 18326 | Orc:2    | Reached XP level 15. HP: 124/154 MP: 9/14
 18328 | Orc:2    | Found a staircase to the Elven Halls.
 18335 | Orc:2    | Noticed an orc warlord
 18607 | Orc:2    | Killed an orc warlord
 18618 | Orc:2    | HP: 7/154 [two-headed ogre/+0 giant club (12)]
 18618 | Orc:2    | Mangled by a two-headed ogre

Illustrated notes

Levels and vault maps discovered:
D:1:      sevenhm_arrival_forest_fort_small_5, layout_basic, serial_shops, shop,
          minmay_tree_intersection
D:2:      layout_loops_ring
D:3:      layout_basic, lemuel_round_altar, shapermc_ecumenical_altar_rom_forum,
          serial_rivers, chequers_serial_rivers_micro_e,
          chequers_serial_rivers_room_b, chequers_serial_rivers_micro_d,
          chequers_serial_rivers_micro_c, chequers_serial_rivers_micro_c,
          chequers_serial_rivers_small_b, minivault_26
D:4:      layout_layer_cave, uniq_pikel, uniq_grinder, uniq_pargi
D:5:      layout_basic, hangedman_abyss_or_decor_passed
D:6:      hangedman_cross_stitches, layout_basic, lemuel_tele_altar,
          marbit_many_paths, minmay_temple_entry_glass, solitary_fountain
D:7:      layout_gridville, enter_ossuary_4
D:8:      layout_loops_cross, serial_ice, serial_ice_a, serial_ice_i,
          serial_ice_e, serial_ice_d, serial_ice_m, serial_ice_n, serial_ice_g,
          serial_ice_c, serial_ice_o, serial_ice_h, minivault_11, centaur_isle
D:9:      layout_basic, mainiacjoe_overflow_concentric_impassable,
          xom_confusion_cloud, hellmonk_bongcloud_opening, uniq_psyche
D:10:     layout_loops_ring, nicolae_qazlal_general_emergency,
          gammafunk_temple_overflow_elements, minmay_lair_entry_grove,
          erik_orc_4, uniq_joseph
D:11:     layout_stronghold, serial_shops, nicolae_shop_trees
D:12:     layout_roguey, nzn_ghost_randoct, gauntlet_entry_generic
Temple:   minmay_temple_curvy_branch
Lair:1:   lemuel_reptile_caves, layout_misc_corridors,
          infiniplex_staircase_pool_2, grunt_megastairs_5, serial_bayou_shore_a,
          uniq_grum, uniq_gastronok
Lair:2:   layout_small_grid, minmay_snake_entry_guardpost_small,
          lightli_volcano_entry_magma_tube, ldierk_geyser, uniq_amaemon
Lair:3:   cheibrodos_magma_flow, layout_gridlike, shoals_dummy_entry
Lair:4:   dreamdust_labyrinth, layout_concentric_octagons, st_stairs_5
Lair:5:   minmay_lair_end_enchanted_forest, layout_regular_city, slime_entry_1
Orc:1:    layout_diamond_mine, uniq_erolcha
Orc:2:    st_orc_ogre_mass, layout_caves, serial_shops, nicolae_lakefront_shop,
          uniq_urug, uniq_rupert

Skill      XL: |  1  2  3  4  5  6  7  8  9 10 11 12 13 14 |
---------------+-------------------------------------------+-----
Shields        | 3 4 5 6 8 9 11 12 13 | 13.3
Unarmed Combat | 3 4 5 6 8 10 12 13 14 16 18 | 18.4
Fighting       | 3 4 5 6 7 8 9 10 11 | 11.5
Translocations | 2 3 |  3.0
Dodging        | 4 5 7 9 |  9.2

Action                   |  1- 3 |  4- 6 |  7- 9 | 10-12 | 13-15 || total
-------------------------+-------+-------+-------+-------+-------++-------
Melee: Unarmed           |    86 |    66 |   246 |   782 |   842 ||  2022
Throw: Dart              |       |       |    10 |     6 |       ||    16
Invok: Lunge             |       |       |     7 |    50 |    52 ||   109
       Whirlwind         |       |       |       |    45 |    70 ||   115
       Heavenly Storm    |       |       |       |     1 |     2 ||     3
Evoke: Wand              |       |     4 |       |     3 |     3 ||    10
  Use: Scroll            |       |       |     8 |    29 |     5 ||    42
       Potion            |       |       |       |     2 |     9 ||    11
Armor: Robe              |    14 |    10 |       |       |       ||    24
       Troll leather arm |       |     5 |    52 |   164 |   128 ||   349
       Skin              |       |       |       |       |     8 ||     8
       Fire dragon scale |       |       |       |       |     6 ||     6
Dodge: Dodged            |    14 |    14 |    69 |   233 |   191 ||   521
Block: Kite shield       |    22 |    16 |    78 |   286 |   514 ||   916
